AoeStats
← Kez

Arena

508878149Analyzed
3v3 RM · 8d ago on Sep 24, 2026· 56m 25s· 6 players
Game mode
Random Map
Map size
Normal (6 player)
Population
200
Speed
Normal
Resources
Standard
Victory
Conquest
Starting age
Dark Age
Ending age
Imperial Age
RankedLock teamsTeams togetherTeam positionsShared explorationLock speedFull tech treeHidden civsTurbo modeCheats
Victory
Defeat
🇹🇼 Italians · Taiwan
1351
+15
🇹🇼 Goths · Taiwan
1330
+16
🇹🇼 Khmer · Taiwan
1327
+16
🇪🇨 Tatars · Ecuador
1425
-19
🇳🇱 Romans · Netherlands
1322
-15
🇹🇷 Maya · Türkiye
1259
-13
Kez
10:30 Feudal Age
14:20 Castle Age
12:37 Double-Bit Axe
14:53 Horse Collar
17:19 Loom
18:07 Bow Saw
20:41 Wheelbarrow
22:25 Heavy Plow
23:20 Gold Mining
27:40 Imperial Age
25:05 Stone Mining
26:05 Hand Cart
25:36 Town Watch
27:21 Forging
27:13 Scale Mail Armor
26:44 Man-at-Arms
27:25 Squires
27:39 Squires
27:26 Long Swordsman
28:29 Scale Barding Armor
28:41 Chain Mail Armor
28:37 Forging
29:05 Gold Shaft Mining
28:59 Conscription
28:27 Pikeman
29:14 Legionary
31:20 Iron Casting
32:28 Siege Engineers
31:50 Halberdier
33:03 Ballistas
34:04 Heavy Scorpion
35:32 Capped Ram
37:21 Blast Furnace
36:38 Fortified Wall
36:39 Masonry
36:58 Comitatenses
39:14 Crop Rotation
39:53 Chemistry
39:15 Ballistics
38:49 Fletching
43:38 Siege Ram
45:13 Town Patrol
47:52 Architecture
51:40 Murder Holes
KOF ELGRANKUSKING
10:44 Feudal Age
15:00 Castle Age
13:50 Double-Bit Axe
14:42 Horse Collar
20:25 Bow Saw
21:09 Wheelbarrow
notagoodplayer
0:26 Loom
10:34 Feudal Age
12:46 Double-Bit Axe
15:13 Castle Age
13:08 Horse Collar
15:04 Wheelbarrow
16:28 Bow Saw
23:00 Gold Mining
23:04 Stone Mining
23:20 Eagle Warrior
24:01 Squires
24:14 Scale Mail Armor
24:24 Forging
25:37 Man-at-Arms
26:54 Forging
27:31 Chain Mail Armor
27:12 Long Swordsman
28:31 Iron Casting
30:34 Stone Shaft Mining
31:49 Fletching
32:40 Bodkin Arrow
32:45 Padded Archer Armor
33:44 Ballistics
33:56 Treadmill Crane
38:35 Imperial Age
36:14 Murder Holes
36:29 Masonry
37:33 Hand Cart
37:03 Town Watch
37:50 Arson
38:25 Leather Archer Armor
38:55 Town Patrol
38:54 Pikeman
39:28 Two-Handed Swordsman
40:23 Heavy Plow
40:59 Plate Mail Armor
41:55 Blast Furnace
40:56 Bracer
42:10 Chemistry
41:20 Bracer
42:05 Ring Archer Armor
42:49 Conscription
41:54 Elite Plumed Archer
43:15 Crop Rotation
43:56 Two-Man Saw
43:36 Architecture
44:13 Holcans
45:16 Halberdier
45:43 Elite Eagle Warrior
48:09 Hul'che Javelineers
Ray
0:28 Loom
11:09 Feudal Age
15:19 Castle Age
13:39 Double-Bit Axe
13:36 Horse Collar
16:02 Heavy Plow
25:49 Bow Saw
27:31 Coinage
33:25 Stone Mining
35:41 Gold Mining
40:00 Imperial Age
37:18 Town Watch
38:12 Wheelbarrow
39:52 Gold Shaft Mining
39:41 Scale Barding Armor
40:19 Bloodlines
40:22 Forging
40:16 Scale Mail Armor
40:20 Husbandry
41:41 Crop Rotation
41:54 Stone Shaft Mining
41:41 Chain Barding Armor
41:59 Iron Casting
40:46 Elite Battle Elephant
42:14 Hand Cart
42:00 Town Patrol
43:00 Plate Barding Armor
43:54 Blast Furnace
43:10 Chain Mail Armor
42:46 Fletching
42:56 Padded Archer Armor
43:11 Fortified Wall
44:23 Banking
43:54 Caravan
44:01 Tusk Swords
44:49 Padded Archer Armor
45:16 Conscription
44:39 Light Cavalry
46:00 Hoardings
46:30 Chemistry
45:42 Masonry
45:57 Elite Skirmisher
46:35 Bodkin Arrow
46:56 Leather Archer Armor
47:05 Ballistics
46:59 Masonry
46:52 Hussar
47:50 Bracer
48:21 Ring Archer Armor
50:08 Devotion
50:04 Herbal Medicine
50:13 Devotion
50:48 Architecture
50:14 Murder Holes
54:35 Siege Engineers
David
7:23 Loom
11:01 Feudal Age
12:27 Double-Bit Axe
15:12 Castle Age
13:12 Horse Collar
21:24 Imperial Age
19:11 Scale Mail Armor
19:52 Forging
19:44 Squires
21:34 Chain Mail Armor
22:08 Bow Saw
21:31 Capped Ram
23:17 Iron Casting
28:20 Wheelbarrow
27:31 Town Watch
27:59 Heavy Plow
29:13 Gold Mining
31:25 Blast Furnace
30:27 Padded Archer Armor
32:35 Chemistry
35:08 Hand Cart
35:06 Pikeman
36:06 Stone Mining
37:35 Leather Archer Armor
37:29 Fletching
38:50 Two-Man Saw
37:51 Elite Skirmisher
39:31 Conscription
40:36 Bodkin Arrow
41:59 Anarchy
42:33 Ring Archer Armor
42:09 Scale Barding Armor
42:48 Crop Rotation
42:54 Ballistics
42:40 Murder Holes
44:01 Bracer
45:26 Town Patrol
45:25 Treadmill Crane
45:56 Masonry
46:28 Perfusion
47:36 Chain Barding Armor
46:39 Light Cavalry
47:29 Bloodlines
47:19 Husbandry
48:31 Sappers
49:10 Elite Huskarl
51:43 Sappers
51:37 Man-at-Arms
52:40 Halberdier
52:43 Long Swordsman
54:13 Two-Handed Swordsman
54:47 Champion
chick
11:28 Feudal Age
15:13 Castle Age
12:58 Horse Collar
13:58 Double-Bit Axe
24:20 Bow Saw
25:32 Wheelbarrow
29:19 Imperial Age
28:22 Bloodlines
28:13 Husbandry
28:05 Fletching
28:21 Scale Barding Armor
28:30 Forging
29:35 Chain Barding Armor
29:37 Loom
30:07 Hand Cart
29:37 Town Watch
29:32 Cavalier
31:43 Plate Barding Armor
31:43 Iron Casting
32:25 Conscription
34:54 Blast Furnace
34:13 Fortified Wall
43:50 Chemistry
43:11 Ballistics
44:47 Elite Skirmisher
45:33 Thumb Ring
47:36 Fletching
47:46 Padded Archer Armor
47:16 Light Cavalry
48:15 Bodkin Arrow
48:47 Leather Archer Armor
49:07 Bracer
50:55 Hussar
52:06 Ring Archer Armor
51:37 Scale Mail Armor
Connection lost

Rejoining the realm…

Still unreachable

The connection could not be restored.

Session expired

The server has moved on; the page needs a fresh start.